AoeStats
← Pugberto

Arabia

505323274Analyzed
1v1 RM · 25d ago on Sep 8, 2026· 40m 5s· 2 players
Game mode
Random Map
Map size
Tiny (2 player)
Population
200
Speed
Normal
Resources
Standard
Victory
Conquest
Starting age
Dark Age
Ending age
Imperial Age
RankedLock teamsTeams togetherTeam positionsShared explorationLock speedFull tech treeHidden civsTurbo modeCheats
Victory
Defeat
🇦🇷 Sicilians · Argentina
836
+22
🇲🇽 Persians · Mexico
853
-17
Pugberto
10:40 Feudal Age
12:39 Double-Bit Axe
20:05 Forging
24:05 Scale Barding Armor
24:23 Loom
27:47 Castle Age
28:46 Bow Saw
29:01 Chain Barding Armor
30:12 Bloodlines
31:00 Iron Casting
30:40 Horse Collar
31:29 Bloodlines
31:40 Heavy Plow
33:46 Fletching
35:27 Wheelbarrow
36:02 Gold Mining
jorge.islas.escalante
6:41 Loom
10:22 Feudal Age
11:07 Double-Bit Axe
13:47 Horse Collar
15:15 Town Watch
21:36 Castle Age
20:24 Gold Mining
21:04 Forging
21:38 Bloodlines
21:29 Pikeman
24:14 Squires
28:27 Wheelbarrow
27:59 Husbandry
28:27 Bow Saw
29:14 Bow Saw
29:28 Scale Barding Armor
30:54 Stone Mining
32:20 Iron Casting
32:11 Heavy Plow
34:50 Hand Cart
34:50 Scale Mail Armor
37:29 Chain Mail Armor
37:35 Chain Barding Armor
37:07 Fletching
Connection lost

Rejoining the realm…

Still unreachable

The connection could not be restored.

Session expired

The server has moved on; the page needs a fresh start.